 Dungeon Crawl Stone Soup version 0.29-a0-275-g389c0b56f3 (webtiles) character file.

Game seed: 3401577967292775138

13 bladeefan the Skirmisher (level 2, 0/24 HPs)
             Began as a Demonspawn Chaos Knight on Mar 12, 2022.
             Was a Plaything of Xom.
             Succumbed to an adder's poison
             ... on level 3 of the Dungeon.
             The game lasted 00:01:52 (572 turns).

bladeefan the Skirmisher (Demonspawn Chaos Knight)   Turns: 572, Time: 00:01:53

Health: 0/24       AC:  5    Str: 12    XL:     2   Next: 24%
Magic:  2/2        EV: 11    Int: 13    God:    Xom [.*....]
Gold:   12         SH:  0    Dex: 14    Spells: 1/1 levels left

rFire   . . .      SeeInvis .   a - +0 mace (chaos)
rCold   . . .      Faith    .   (no shield)
rNeg    . . .      Spirit   +   b - +2 leather armour
rPois   .          Reflect  .   (no helmet)
rElec   .          Harm     .   (no cloak)
rCorr   .          Rampage  .   (no gloves)
Will    .....                   (no boots)
Stlth   ++........              h - amulet of guardian spirit
HPRegen 0.08/turn               (no ring)
MPRegen 0.08/turn               (no ring)

@: lethally poisoned (0 -> -4)
A: thin skeletal structure 1
a: Renounce Religion


You were on level 3 of the Dungeon.
You worshipped Xom.
You were a plaything of Xom.
You visited 1 branch of the dungeon, and saw 3 of its levels.

You collected 12 gold pieces.

Inventory:

Hand Weapons
 a - a +0 mace of chaos (weapon)
Armour
 b - a +2 leather armour (worn)
Jewellery
 h - an amulet of guardian spirit (around neck)
   (You found it on level 1 of the Dungeon)
Scrolls
 d - 2 scrolls of teleportation {unknown}
 i - a scroll of immolation {unknown}
Potions
 e - a potion of mutation {unknown}
Miscellaneous
 c - a piece from Xom's chessboard (15/15) (quivered)


   Skills:
 + Level 3.1 Fighting
 * Level 3.0 Maces & Flails
 + Level 2.0 Armour
 + Level 1.1 Dodging


You had one spell level left.
You didn't know any spells.
Your spell library contained the following spells:

 Spells                   Type           Power      Damage    Failure   Level
 Lesser Beckoning         Tloc           0%         N/A       75%         3
 Summon Guardian Golem    Hex/Summ       0%         N/A       75%         3
 Teleport Other           Tloc           0%         N/A       75%         3
 Enfeeble                 Hex            0%         N/A       100%        7
 Malign Gateway           Summ/Tloc      0%         N/A       100%        7


Dungeon Overview and Level Annotations

Branches:
Dungeon (3/15)

Altars:

Shops:
D:1 [[*[


Innate Abilities, Weirdness & Mutations

You have a somewhat thin skeletal structure. (Dex +2, Stealth+)


Message History

The quasit claws you. The quasit closely misses you.
As you read the scroll labelled GIXYNU SUCEST, it crumbles to dust.
You speak a Word of immense power!
The quasit convulses!
You kill the quasit!
The quasit disappears in a puff of smoke!
You are blasted by holy energy!
* * * LOW HITPOINT WARNING * * *
It was a scroll of holy word.
Xom is highly amused!
As you read the scroll labelled KIM UPHEDYNUJ, it crumbles to dust.
You assume a fearsome visage.
The iron imp looks frightened!
It was a scroll of fear.
You start resting.
Found an escape hatch in the floor.
Found 10 gold pieces.
There is an escape hatch in the floor here.
Really go through this one-way escape hatch?
You slide downwards.
The hatch slams shut behind you.
The goblin shouts!
The adder hisses angrily.
The adder attacks as you move away! The adder bites you but does no damage.
Found a club.
The goblin hits you with a +0 club.
* * * LOW HITPOINT WARNING * * *
The goblin attacks as you move away! The goblin hits you but does no damage.
The adder bites you.
* * * LOW HITPOINT WARNING * * *
A rat comes into view.
The adder bites you but does no damage. The adder bites you.
* * * LOW HITPOINT WARNING * * *
The adder bites you but does no damage. The adder attacks as you move away!
The adder bites you.
* * * LOW HITPOINT WARNING * * *
Found a stone staircase leading down.
The adder closely misses you. The adder attacks as you move away!
The adder closely misses you. The adder attacks as you move away!
The adder closely misses you. The adder bites you but does no damage.
There is a stone staircase leading down here.
The adder bites you but does no damage.
You climb downwards.
Found a smoking hunting sling.
There is a stone staircase leading up here.
The adder barely misses you. The adder attacks as you move away!
The adder barely misses you. The adder attacks as you move away!
The adder bites you.
* * * LOW HITPOINT WARNING * * *
You are lethally poisoned!
The adder poisons you!
You die...
Xom snickers!

## #. .## ###
###..#...#
####++####........#
....)..@.S.<......+
...###..####...#.##
#..# ...# #... ...#
#.## ..... #.
...### .. ...# ##
.###


You could see an adder.

Vanquished Creatures
  A dart slug (D:1)
  2 endoplasms (D:1)
  A hobgoblin (D:1)
  A quokka (D:1)
  A frilled lizard (D:1)
  2 kobolds (D:1)
  4 rats (D:1)
12 creatures vanquished.

Notes
Turn   | Place    | Note
-------+----------+-------------------------------------------
     0 | D:1      | bladeefan the Demonspawn Chaos Knight began the quest for
                  | the Orb.
     0 | D:1      | Reached XP level 1. HP: 18/18 MP: 1/1
    16 | D:1      | Found Tiemudy's General Store.
   132 | D:1      | Found Oleylop's Armour Shop.
   189 | D:1      | XOM: silly message
   206 | D:1      | Reached skill level 1 in Dodging
   210 | D:1      | XOM: silly message
   281 | D:1      | Found Kici's Antique Armour Boutique.
   290 | D:1      | Found Cusikybu's Armour Shoppe.
   321 | D:1      | Gained mutation: You have a somewhat thin skeletal
                  | structure. (Dex +2, Stealth+) [demonic ancestry]
   321 | D:1      | Reached XP level 2. HP: 23/24 MP: 2/2
   334 | D:1      | Found a faded altar of an unknown god.
   483 | D:1      | XOM: god gift: Xom's Compendium of Lifelessness {god gift}
   484 | D:1      | Got Xom's Compendium of Lifelessness {god gift}
   508 | D:1      | XOM: summons 2 hostile demons
   559 | D:2      | HP: 1/24 [adder (1)]
   572 | D:3      | HP: 1/24 [adder (1)]
   572 | D:3      | Succumbed to an adder's poison

Illustrated notes

Levels and vault maps discovered:
D:1:      dpeg_arrival_rooms_with_view, layout_basic,
          hellmonk_ecumenical_altar_zigzags, serial_glass, glass_columns_b,
          glass_columns_b, serial_shops, nicolae_shop_advertising_works
          [nicolae_subvault_shop_adworks], shop, shop_fountains, shop_statue,
          shop, minmay_misc_feat_nine_boxes, minmay_ruptured
D:2:      layout_loops_cross, serial_shops, shop, shop_coins, shop
D:3:      kennysheep_big_flooded_room, layout_loops_corners,
          chequers_hall_statues_corner_a, kennysheep_nub, kennysheep_potato

Skill      XL: |  1  2 |
---------------+-------+-----
Dodging        | 1 |  1.1
Armour         | 2 |  2.0
Maces & Flails | 3 |  3.0
Fighting       | |  3.1

Action                   || total
-------------------------++-------
Melee: Mace              ||    40
  Use: Scroll            ||     3
 Stab: Sleeping          ||     2
Armor: Leather armour    ||    23
Dodge: Dodged            ||    36

Table legend: (Time is in decaauts)
 A = Elapsed time spent in this place.
 B = Non-inter-level travel time spent in this place.
 C = Inter-level travel time spent in this place.
 D = Time resting spent in this place.
 E = Time spent auto-exploring this place.
 F = Levels seen in this place.
 G = Mean time per level.
                   A        B        C        D        E       F      G
               +--------+--------+--------+--------+--------+-----+--------+
         Total |    581 |    581 |      0 |     14 |    402 |   3 |  193.7 |
       Dungeon |    581 |    581 |      0 |     14 |    402 |   3 |  193.7 |
               +--------+--------+--------+--------+--------+-----+--------+

Top non-repeatable levels by time:
     D:1: 556 daAuts
     D:2: 21 daAuts
     D:3: 3 daAuts
